 Dungeon Crawl Stone Soup version 0.24-a0-446-g87df7205b4 (webtiles) character file.

Game seed: 16734123982151776255

329803 Murumi the Peltast (level 22, -1/181 HPs)
             Began as a Formicid Fighter on June 23, 2019.
             Was the Champion of Cheibriados.
             Killed from afar by a hellion (29 damage)
             ... with damnation
             ... in a wizard's laboratory.
             The game lasted 03:02:48 (40406 turns).

Murumi the Peltast (Formicid Fighter)              Turns: 40406, Time: 03:02:50

Health: -1/181     AC: 34    Str: 46    XL:     22   Next: 70%
Magic:  30/30      EV: 26    Int: 27    God:    Cheibriados [******]
Gold:   1165       SH: 29    Dex: 40    Spells: 21/21 levels left

rFire    + + +     SeeInvis +   a - +3 great sword (freeze)
rCold    + + +     Gourm    .   R - +0 large shield
rNeg     + . .     Faith    .   m - +6 gold dragon scales
rPois    +         Spirit   .   (helmet unavailable)
rElec    +         Reflect  .   S - scarf {rC+ rF+}
rCorr    +         Harm     .   b - +2 pair of gloves of Decompression {Dex+2 Slay+4}
MR       ++...                  J - +2 pair of boots {Stlth+}
Stlth    ..........             Q - amulet of Veulir {RegenMP SInv}
HPRegen  0.40/turn              N - ring of positive energy
MPRegen  0.47/turn              x - ring "Wacwirr" {rPois EV+4 Int+3 Dex+4}

@: mighty, agile, lethally poisoned (-1 -> -2), resistant, very slightly
contaminated, invisible, very slow
A: permanent stasis, dig shafts and tunnels, four strong arms, antennae 3
}: 2/15 runes: decaying, serpentine
a: Dig, Shaft Self, Bend Time, Temporal Distortion, Slouch, Step From Time,
Renounce Religion


You were in a wizard's laboratory.
You worshipped Cheibriados.
Cheibriados was exalted by your worship.
You were very hungry.

You visited 8 branches of the dungeon, and saw 36 of its levels.
You visited the Abyss 1 time.
You also visited: Wizlab.

You collected 3472 gold pieces.
You spent 2307 gold pieces at shops.

Inventory:

Hand Weapons
 a - a +3 great sword of freezing (weapon)
 f - the +8 hand crossbow of Seasoec {velocity, -Tele +Inv Str+3}
   (You acquired it on level 11 of the Dungeon)

   Any bolt fired from it inflicts extra damage.
   It affects your strength (+3).
   It lets you turn invisible.
   It prevents most forms of teleportation.
 U - a +2 great sword of flaming
Missiles
 p - 244 bolts
Armour
 b - the +2 pair of gloves of Decompression (worn) {Dex+2 Slay+4}
   (You bought it in a shop on level 2 of the Orcish Mines)

   It affects your dexterity (+2).
   It affects your accuracy and damage with ranged weapons and melee attacks
   (+4).
 m - +6 gold dragon scales (worn)
 J - a +2 pair of boots of stealth (worn)
 R - a +0 large shield (worn)
 S - a scarf of resistance (worn)
Jewellery
 c - an uncursed amulet of harm
 e - an uncursed ring of protection from cold
 x - the ring "Wacwirr" (right hand) {rPois EV+4 Int+3 Dex+4}
   (You bought it in a shop on level 5 of the Dungeon)

   [ring of evasion]

   It affects your evasion (+4).
   It affects your intelligence (+3).
   It affects your dexterity (+4).
   It protects you from poison.
 y - an uncursed ring of resist corrosion
 A - a +4 ring of evasion
 N - a ring of positive energy (left hand)
 O - an uncursed ring of protection from magic
 Q - the amulet of Veulir (around neck) {RegenMP SInv}
   (You found it on level 6 of the Lair of Beasts)

   [amulet of magic regeneration]

   It increases your magic regeneration.
   It lets you see invisible.
Wands
 s - a wand of iceblast (25)
 t - a wand of scattershot (6)
 C - a wand of acid (18)
 F - a wand of digging (9)
 G - a wand of disintegration (18)
 H - a wand of flame (40)
 P - a wand of polymorph (35)
 T - a wand of paralysis (9)
 Z - a wand of enslavement (6)
Scrolls
 g - 9 scrolls of identify
 k - 18 scrolls of remove curse
 n - 14 scrolls of amnesia
 o - a scroll of silence
 r - 5 scrolls of fog
 w - 5 scrolls of magic mapping
 B - 3 scrolls of fear
 D - 4 scrolls of enchant weapon
Potions
 d - 8 potions of might
 h - 16 potions of curing
 i - 4 potions of heal wounds
 j - 6 potions of mutation
 l - 2 potions of ambrosia
 u - 2 potions of flight
 v - 5 potions of brilliance
 z - a potion of cancellation
 I - 2 potions of magic
 L - 2 potions of invisibility
Miscellaneous
 M - a fan of gales
 W - a lamp of fire
 X - a phantom mirror
 Y - a lightning rod (4/4)
Comestibles
 K - 55 rations


   Skills:
 - Level 17.1 Fighting
 - Level 15.0 Long Blades
 + Level 15.3 Crossbows
 - Level 16.0 Armour
 - Level 8.0 Dodging
 - Level 18.0 Shields
 - Level 11.0 Invocations
 - Level 10.1 Evocations


You had 21 spell levels left.
You didn't know any spells.
Your spell library contained the following spells:

 Spells                   Type           Power        Failure   Level  Hunger
 Animate Skeleton         Necr           N/A          56%         1    ##.....
 Beastly Appendage        Tmut           #.....       56%         1    ##.....
 Magic Dart               Conj           #...         56%         1    ##.....
 Pain                     Necr           #...         56%         1    ##.....
 Shock                    Conj/Air       #...         56%         1    ##.....
 Call Imp                 Summ           #.......     71%         2    ###....
 Poisonous Vapours        Pois/Air       #.....       71%         2    ###....
 Searing Ray              Conj           #.....       71%         2    ###....
 Shroud of Golubria       Chrm/Tloc      #.....       71%         2    ###....
 Slow                     Hex            #.......     71%         2    ###....
 Sticks to Snakes         Tmut           #.......     71%         2    ###....
 Swiftness                Chrm/Air       #.......     71%         2    ###....
 Conjure Flame            Conj/Fire      #.......     91%         3    ####...
 Dazzling Spray           Conj/Hex       #.....       91%         3    ####...
 Gell's Gravitas          Tloc           #.........   91%         3    ####...
 Ignite Poison            Fire/Tmut/Pois #.......     91%         3    ####...
 Lesser Beckoning         Tloc           #.........   91%         3    ####...
 Mephitic Cloud           Conj/Pois/Air  #.......     91%         3    ####...
 Recall                   Summ/Tloc      N/A          91%         3    ####...
 Regeneration             Chrm/Necr      #.........   91%         3    ####...
 Spider Form              Tmut/Pois      #.........   91%         3    ####...
 Static Discharge         Conj/Air       #.......     91%         3    ####...
 Stone Arrow              Conj/Erth      #.....       91%         3    ####...
 Teleport Other           Tloc           #.......     91%         3    ####...
 Vampiric Draining        Necr           #.........   91%         3    ####...
 Airstrike                Air            #.........   100%        4    #####..
 Animate Dead             Necr           N/A          100%        4    #####..
 Force Lance              Conj/Tloc      #.......     100%        4    #####..
 Fulminant Prism          Conj/Hex       #.........   100%        4    #####..
 Ice Form                 Ice/Tmut       #.......     100%        4    #####..
 Iskenderun's Mystic Bla  Conj           #.......     100%        4    #####..
 Passage of Golubria      Tloc           N/A          100%        4    #####..
 Blade Hands              Tmut           #.........   100%        5    ######.
 Bolt of Magma            Conj/Fire/Erth #.........   100%        5    ######.
 Borgnjor's Vile Clutch   Necr/Erth      #.........   100%        5    ######.
 Fireball                 Conj/Fire      #.........   100%        5    ######.
 Iskenderun's Battlesphe  Conj/Chrm      #.......     100%        5    ######.
 Lightning Bolt           Conj/Air       #.........   100%        5    ######.
 Venom Bolt               Conj/Pois      #.........   100%        5    ######.
 Bolt of Fire             Conj/Fire      #.........   100%        6    #######
 Death Channel            Necr           #.........   100%        6    #######
 Freezing Cloud           Conj/Ice/Air   #.........   100%        6    #######
 Iron Shot                Conj/Erth      #.........   100%        6    #######
 Simulacrum               Ice/Necr       #.........   100%        6    #######
 Orb of Destruction       Conj           #.........   100%        7    #######
 Ring of Flames           Chrm/Fire      #.........   100%        7    #######
 Spellforged Servitor     Conj/Summ      #.........   100%        7    #######
 Ignition                 Fire           #.........   100%        8    #######
 Blink                    Tloc           Unusable     N/A         2    N/A

Dungeon Overview and Level Annotations

Branches:
Dungeon (15/15)            Temple (1/1) D:7            Lair (6/6) D:8
  Swamp (4/4) Lair:4        Snake (4/4) Lair:4        Slime (0/5) Lair:6
    Orc (2/2) D:10            Elf (2/3) Orc:2        Vaults (0/5) D:14
 Depths (2/5) D:15

Altars:
Ashenzari
Cheibriados
Dithmenos
Elyvilon
Fedhas
Gozag
Hepliaklqana
Kikubaaqudgha
Makhleb
Nemelex Xobeh
Okawaru
Qazlal
Ru
Sif Muna
Trog
Uskayaw
Vehumet
Wu Jian
Xom
Yredelemnul
Zin
The Shining One
Beogh
Jiyva

Shops:
D:5 *   D:7 ?   D:13 [   D:15 %   Orc:2 =[*(   Snake:1 =}}   Snake:2 }}

Portals:
Hell: Depths:1
Pandemonium: Depths:1
Ziggurat: Depths:1

Annotations:
D:15 3 runed translucent doors


Innate Abilities, Weirdness & Mutations

You cannot be hasted, slowed, berserked, paralysed or teleported.
You can dig through walls and to a lower floor.
Your four strong arms can wield two-handed weapons with a shield.
You have a pair of large antennae on your head. (SInv)


Message History

The green death gestures at you. The blast of poison misses you.
Unknown command.
You slice the ynoxinul!! You freeze the ynoxinul.
The ynoxinul is almost dead.
The green death burns!
The ynoxinul gestures. x2
You slash the green death! You freeze the green death.
The green death is heavily wounded.
You feel sick.
The ufetubus shouts! x4
The green death burns!
The ynoxinul gestures.
You slash the green death! You freeze the green death.
The green death is severely wounded.
The ufetubus shouts! x4
The green death burns!
The hellion gestures at you.
The sphere of damnation explodes!
The damnation engulfs you!!
You die...

.........(.....
........(..3...
[......5......[
.((..5.({{.....#.
....(.53{........
.....325{(.......
#...5533....####
######2######
###.°@###
#..○☼○°☼#
#....☼.°○.#
#.∩..∩..∩.#
#.........#
##.......##
###...### #####


You could see a green death (burning), a smoke demon, a hellion, 2 ynoxinuls and
6 ufetubi.

Vanquished Creatures
  An ancient lich (Depths:1)
  Mara (Snake:3)
  Bai Suzhen (Depths:2)
  A golden dragon (Depths:2)
  Nikola (Snake:1)
  A Hell Sentinel (WizLab)
  Rupert (D:15)
  Jorgrun (Orc:1)
  2 liches (Depths:2)
  Asterion (Depths:1)
  A titan (Depths:2)
  The ghost of Rigox the Tortoise, an adept HuFi of the Shining One (Snake:1)
  A sphinx (Depths:1)
  Donald (Snake:1)
  Agnes (Snake:1)
  Kirke (Lair:6)
  3 thorn hunters
  A frost giant (Depths:2)
  A fire giant (Depths:1)
  A deep elf sorcerer (Elf:1)
  11 nagarajas
  A balrug (Depths:1)
  An orc warlord (Orc:2)
  Aizul (Snake:1)
  A draconian annihilator (Depths:1)
  7 very ugly things (Depths:1)
  2 stone giants (Depths:1)
  2 vampire knights (Depths:1)
  Azrael (D:13)
  2 lorocyprocas (WizLab)
  A deep elf annihilator (Elf:1)
  2 green deaths (WizLab)
  3 ettins
  The ghost of motoroller71 the Blocker, a journeyman GnFi of Makhleb (D:13)
  2 fire dragons (Depths:1)
  Josephine (Snake:1)
  An ogre mage (Depths:1)
  A yaktaur captain (Depths:1)
  3 vault guards (D:14)
  Harold (Orc:1)
  25 hydras
  20 naga warriors
  4 anacondas
  4 ghost crabs
  2 rakshasas (Depths:1)
  2 shambling mangroves
  8 two-headed ogres
  7 dancing weapons (Elf:1)
  4 centaur warriors
  A tengu warrior (D:15)
  3 death yaks (Lair:4)
  11 alligators
  2 orc high priests
  A vampire mage (Depths:1)
  6 shock serpents
  A soul eater (WizLab)
  Nergalle (Orc:1)
  6 deep elf knights (Elf:1)
  15 naga sharpshooters
  3 sun demons (WizLab)
  3 salamander mystics
  A flayed ghost (Depths:1)
  A spark wasp zombie (Depths:1)
  3 unseen horrors
  An orange crystal statue (D:15)
  11 swamp dragons
  6 naga ritualists
  Pikel (D:4)
  A shadow dragon zombie (Depths:1)
  A deep elf archer (Elf:1)
  The ghost of Xenophilius the Sneak, a novice DETm of Fedhas (D:9)
  10 mana vipers
  18 ugly things
  3 orc knights (Orc:2)
  3 necromancers
  18 salamanders
  2 orc sorcerers (Orc:2)
  23 deep elf magi
  A moth of wrath (Snake:1)
  4 cyclopes
  A stone giant skeleton (Depths:1)
  4 manticores
  43 black mambas
  5 centaur zombies
  Maurice (D:9)
  6 elephants (Lair:4)
  34 naga magi
  4 guardian serpents
  A frost giant skeleton (Depths:1)
  29 spiny frogs
  8 yaktaurs
  5 centaur skeletons
  A gargoyle (D:14)
  A rime drake (Lair:4)
  A freezing wraith (D:14)
  An efreet (D:14)
  A kobold demonologist (D:13)
  3 ice devils
  9 komodo dragons
  A tengu conjurer (D:15)
  8 trolls
  A polar bear (Lair:5)
  A merfolk (shapeshifter) (Depths:1)
  A meliai (shapeshifter) (Elf:1)
  A queen bee (Lair:3)
  7 hornets
  12 tyrant leeches
  A raiju (shapeshifter) (D:15)
  33 blink frogs
  24 slime creatures
  10 hippogriffs
  8 bog bodies
  5 dream sheep (Lair:5)
  5 shadows
  A water elemental (Depths:2)
  A vampire (D:13)
  33 yaks
  3 spriggans
  3 wraiths
  Sigmund (D:4)
  3 fire elementals
  A deep troll skeleton (Depths:1)
  4 wyverns
  An ice dragon skeleton (Depths:1)
  3 hungry ghosts
  A basilisk (D:8)
  5 chaos spawn
  8 humans (D:14)
  A steam dragon (D:9)
  Edmund (D:4)
  23 vampire mosquitoes
  7 wargs
  11 insubstantial wisps
  21 swamp worms
  An acid dragon (D:14)
  53 nagas
  8 water moccasins
  14 hell hounds
  A floating eye (Depths:2)
  17 swamp drakes
  2 eyes of draining
  6 porcupines
  3 necrophages
  5 sky beasts
  An eye of draining (shapeshifter) (Depths:1)
  A hornet zombie (D:14)
  3 ice beasts
  36 orc warriors
  15 ogres
  3 boggarts (D:14)
  A phantom (D:13)
  10 centaurs
  11 crocodiles
  A big kobold (D:9)
  24 bullfrogs
  An earth elemental (Elf:1)
  2 wyvern zombies
  A tengu simulacrum (Depths:1)
  A wyvern skeleton (D:12)
  5 scorpions
  28 killer bees
  A water moccasin skeleton (D:9)
  29 wights
  A howler monkey (D:8)
  6 electric eels
  9 crimson imps
  2 quasits
  A yaktaur simulacrum (Depths:1)
  6 bullfrog zombies
  3 jellies
  23 orc priests
  5 hounds
  3 bullfrog skeletons
  Natasha (D:4)
  2 iguanas
  23 orc wizards
  7 worker ants
  2 hound zombies
  3 hound skeletons
  3 worker ant zombies
  2 mummies (D:11)
  16 adders
  5 shadow imps
  2 oozes
  An adder zombie (D:9)
  An adder skeleton (D:8)
  4 worms
  3 dart slugs
  5 leopard geckos
  86 orcs
  A ball python (D:3)
  4 giant cockroaches
  12 goblins
  10 hobgoblins
  10 jackals
  4 quokkas
  5 bats
  3 frilled lizards
  A jackal zombie (D:5)
  6 kobolds
  A quokka skeleton (D:4)
  6 rats
1286 creatures vanquished.

Vanquished Creatures (others)
  A naga warrior (Snake:1)
  An unseen horror (D:14)
  A salamander (Snake:1)
  A naga mage (Snake:1)
  A komodo dragon (Swamp:4)
  A wraith (Snake:1)
  3 humans
  A slave (D:4)
  An orc priest (D:4)
  Natasha (twice) (D:4)
  An orc (D:4)
  3 briar patches (Swamp:4)
  13 fungi
  44 plants
74 creatures vanquished.

Grand Total: 1360 creatures vanquished

Notes
Turn   | Place    | Note
-------+----------+-------------------------------------------
     0 | D:1      | Murumi the Formicid Fighter began the quest for the Orb.
     0 | D:1      | Reached XP level 1. HP: 18/18 MP: 1/1
   120 | D:1      | Reached skill level 1 in Dodging
   146 | D:1      | Reached XP level 2. HP: 24/24 MP: 2/2
   173 | D:1      | Reached skill level 4 in Shields
   542 | D:1      | Reached XP level 3. HP: 29/29 MP: 3/3
  1077 | D:2      | Reached XP level 4. HP: 30/36 MP: 4/4
  1768 | D:3      | Reached XP level 5. HP: 38/42 MP: 5/5
  2333 | D:3      | Found a sparkling altar of Nemelex Xobeh.
  2531 | D:3      | Reached skill level 1 in Evocations
  2622 | D:4      | Noticed Natasha
  2622 | D:4      | Noticed Pikel
  2622 | D:4      | Noticed a slave
  2622 | D:4      | Noticed a slave
  2622 | D:4      | Noticed a slave
  2622 | D:4      | Noticed a slave
  2764 | D:4      | Killed Pikel
  2764 | D:4      | Reached skill level 8 in Shields
  2764 | D:4      | Reached XP level 6. HP: 45/48 MP: 7/7
  2764 | D:4      | Reached XP level 7. HP: 51/54 MP: 8/8
  2994 | D:4      | Killed Natasha
  3070 | D:4      | Reached XP level 8. HP: 52/60 MP: 9/9
  3101 | D:4      | Noticed Edmund
  3120 | D:4      | Killed Edmund
  3120 | D:4      | Reached skill level 9 in Shields
  3198 | D:4      | Noticed Sigmund
  3205 | D:4      | Killed Sigmund
  3433 | D:4      | Noticed Natasha
  3439 | D:4      | Killed Natasha
  3698 | D:4      | Killed Natasha
  4086 | D:5      | Entered Level 5 of the Dungeon
  4267 | D:5      | Found Fuggoapn's Assorted Antiques.
  4275 | D:5      | Bought a faintly glowing brass ring for 145 gold pieces
  4276 | D:5      | Identified the ring "Wacwirr" {rPois EV+4 Int+3 Dex+4} (You
                  | bought it in a shop on level 5 of the Dungeon)
  4280 | D:5      | Bought an amethyst potion for 26 gold pieces
  4425 | D:5      | Bought a sedimented white potion for 26 gold pieces
  4803 | D:5      | Reached skill level 5 in Fighting
  5043 | D:5      | Found a glowing silver altar of Zin.
  5409 | D:6      | Reached skill level 5 in Armour
  5426 | D:6      | Found an ornate altar of the Wu Jian Council.
  5427 | D:6      | Found a basalt altar of Yredelemnul.
  5427 | D:6      | Found a burning altar of Makhleb.
  5712 | D:6      | Reached XP level 9. HP: 68/68 MP: 10/10
  5772 | D:6      | Found a bloodstained altar of Trog.
  5774 | D:6      | Found a sacrificial altar of Ru.
  5774 | D:6      | Found a white marble altar of Elyvilon.
  5775 | D:6      | Found an opulent altar of Gozag.
  5795 | D:6      | Found a hide-covered altar of Uskayaw.
  6182 | D:7      | Found a staircase to the Ecumenical Temple.
  6204 | D:7      | Reached skill level 5 in Long Blades
  6212 | Temple   | Entered the Ecumenical Temple
  6218 | Temple   | Became a worshipper of Cheibriados the Contemplative
  6585 | D:7      | Reached * piety under Cheibriados
  6912 | D:7      | Found Odghos's Magic Scroll Emporium.
  6916 | D:7      | Bought a scroll of identify for 24 gold pieces
  6916 | D:7      | Bought a scroll of identify for 24 gold pieces
  6916 | D:7      | Bought a scroll of enchant armour for 90 gold pieces
  7345 | D:8      | Found a staircase to the Lair.
  7348 | D:8      | Noticed a hippogriff
  7376 | D:8      | Reached skill level 5 in Invocations
  7378 | D:8      | Killed a hippogriff
  7378 | D:8      | Reached XP level 10. HP: 74/77 MP: 12/14
  7412 | D:8      | Reached ** piety under Cheibriados
  8654 | D:9      | Noticed Maurice
  8669 | D:9      | Killed Maurice
  8936 | D:9      | Reached *** piety under Cheibriados
  8965 | D:9      | Found a runed translucent gate.
  8965 | D:9      | Found a runed translucent gate.
  8966 | D:9      | Found a runed translucent gate.
  8971 | D:9      | Identified the +1 quarterstaff "Somich" {speed, rPois rF+
                  | MR+ SInv}
  8972 | D:9      | Noticed Xenophilius's ghost (novice DETm)
  8974 | D:9      | Found a roughly hewn altar of Beogh.
  9055 | D:9      | Killed Xenophilius's ghost
  9055 | D:9      | Reached XP level 11. HP: 86/86 MP: 15/15
  9369 | D:10     | Entered Level 10 of the Dungeon
  9462 | D:10     | Noticed a two-headed ogre
  9464 | D:10     | Killed a two-headed ogre
  9526 | D:10     | Reached **** piety under Cheibriados
  9569 | D:10     | Reached skill level 10 in Fighting
  9816 | D:10     | Found a staircase to the Orcish Mines.
  9877 | D:10     | Reached skill level 1 in Crossbows
  9955 | D:10     | Found a blossoming altar of Fedhas.
 10099 | D:10     | Noticed an unseen horror
 10111 | D:10     | Killed an unseen horror
 10425 | D:10     | Reached ***** piety under Cheibriados
 11009 | Orc:1    | Entered Level 1 of the Orcish Mines
 11033 | Orc:1    | Noticed an orc high priest
 11033 | Orc:1    | Noticed Harold
 11047 | D:10     | Reached skill level 5 in Crossbows
 11207 | D:10     | Noticed a sun demon
 11214 | D:10     | Killed an orc high priest
 11381 | Orc:1    | Killed Harold
 11381 | Orc:1    | Reached XP level 12. HP: 96/97 MP: 16/16
 11443 | Orc:1    | Noticed a two-headed ogre
 11454 | D:10     | Killed a two-headed ogre
 11699 | Orc:1    | Noticed Nergalle
 11720 | Orc:1    | Killed Nergalle
 11784 | Orc:1    | Noticed Jorgrun
 11805 | Orc:1    | Killed Jorgrun
 12079 | Orc:1    | Reached skill level 10 in Crossbows
 12085 | Orc:1    | Noticed an ettin
 12112 | Orc:1    | Killed an ettin
 12355 | Orc:1    | Found a roughly hewn altar of Beogh.
 12668 | Lair:1   | Entered Level 1 of the Lair of Beasts
 12786 | Lair:1   | Reached XP level 13. HP: 94/103 MP: 17/17
 12906 | Lair:1   | Reached skill level 10 in Shields
 13703 | Lair:2   | Reached skill level 5 in Evocations
 13761 | Lair:2   | Noticed a six-headed hydra
 13770 | Lair:2   | Killed a six-headed hydra
 14353 | Lair:3   | Noticed a four-headed hydra
 14361 | Lair:3   | Killed a four-headed hydra
 14478 | Lair:3   | Reached skill level 10 in Armour
 14906 | Lair:3   | Reached ****** piety under Cheibriados
 14965 | Lair:3   | Reached skill level 11 in Shields
 15258 | Lair:4   | Found a staircase to the Swamp.
 15364 | Lair:4   | Noticed a seven-headed hydra
 15376 | Lair:4   | Killed a seven-headed hydra
 15403 | Lair:4   | Found a staircase to the Snake Pit.
 15735 | Lair:4   | Reached skill level 12 in Shields
 15748 | Lair:4   | Reached XP level 14. HP: 102/110 MP: 19/19
 16783 | Lair:5   | Reached skill level 10 in Long Blades
 17176 | Lair:6   | Entered Level 6 of the Lair of Beasts
 17587 | Lair:6   | Reached skill level 5 in Dodging
 17841 | Lair:6   | Reached skill level 13 in Shields
 17995 | Lair:6   | Reached XP level 15. HP: 119/119 MP: 21/21
 18290 | Lair:6   | Found a hide-covered altar of Uskayaw.
 18305 | Lair:6   | Found a viscous altar of Jiyva.
 18306 | Lair:6   | Found a staircase to the Slime Pits.
 18407 | Lair:6   | Noticed Kirke
 18414 | Lair:6   | Killed Kirke
 18645 | Lair:6   | Got a transparent bone amulet
 18646 | Lair:6   | Identified the amulet of Veulir {RegenMP SInv} (You found
                  | it on level 6 of the Lair of Beasts)
 19337 | Orc:2    | Entered Level 2 of the Orcish Mines
 19337 | Orc:2    | Found a staircase to the Elven Halls.
 19846 | Orc:2    | Found a roughly hewn altar of Beogh.
 19947 | Orc:2    | Noticed an orc warlord
 19968 | Orc:2    | Killed an orc warlord
 20111 | Orc:2    | Found Koorizon's General Store.
 20124 | Orc:2    | Found Kirog's Antique Weapon Emporium.
 20132 | Orc:2    | Found Xypalio's Antique Armour Emporium.
 20141 | Orc:2    | Bought a pair of fine gloves for 247 gold pieces
 20141 | Orc:2    | Bought an embroidered scarf for 208 gold pieces
 20141 | Orc:2    | Bought a runed scarf for 208 gold pieces
 20151 | Orc:2    | Identified the +2 pair of gloves of Decompression {Dex+2
                  | Slay+4} (You bought it in a shop on level 2 of the Orcish
                  | Mines)
 20206 | Orc:2    | Bought a scroll of identify for 28 gold pieces
 20217 | Orc:2    | Found Jodgha's Jewellery Emporium.
 20224 | Orc:2    | Bought a cursed -4 ring of protection for 34 gold pieces
 21386 | D:11     | Identified a scroll of acquirement
 21387 | D:11     | Got an iridescent hand crossbow
 21388 | D:11     | Identified the +8 hand crossbow of Seasoec {velocity, -Tele
                  | +Inv Str+3} (You acquired it on level 11 of the Dungeon)
 21992 | D:12     | Reached skill level 14 in Shields
 22318 | D:13     | Found Nuthreyd's Antique Armour Boutique.
 22356 | D:13     | Bought a pair of glowing boots for 127 gold pieces
 22484 | D:13     | Noticed Azrael
 22506 | D:13     | Killed Azrael
 23171 | D:13     | Found a runed translucent gate.
 23171 | D:13     | Identified the cursed +0 long sword of the Mouth {protect,
                  | +Fly rC- rN+ Int+6}
 23172 | D:13     | Noticed motoroller71's ghost (journeyman GnFi)
 23421 | D:13     | Found a runed translucent gate.
 23422 | D:13     | Found a runed translucent gate.
 23424 | D:13     | Found a roughly hewn altar of Beogh.
 23468 | D:13     | Killed motoroller71's ghost
 23468 | D:13     | Reached XP level 16. HP: 95/127 MP: 22/22
 23973 | D:14     | Found a sacrificial altar of Ru.
 24055 | D:14     | Found a shadowy altar of Dithmenos.
 24210 | D:14     | Found a gate to the Vaults.
 24417 | D:15     | Entered Level 15 of the Dungeon
 24509 | D:15     | Noticed Rupert
 24534 | D:15     | Killed Rupert
 24679 | D:15     | Found Ykumon's Food Boutique.
 24828 | D:15     | Found a runed translucent door.
 24842 | D:15     | Found a runed translucent door.
 24857 | D:15     | Found a runed translucent door.
 24868 | D:15     | Found a runed translucent door.
 24936 | D:15     | Reached skill level 15 in Shields
 25062 | D:15     | Found a staircase to the Depths.
 25683 | Swamp:1  | Entered Level 1 of the Swamp
 26312 | Swamp:2  | Reached XP level 17. HP: 133/136 MP: 23/23
 27120 | Swamp:2  | Reached skill level 10 in Invocations
 27554 | Swamp:3  | Noticed a thorn hunter
 27566 | Swamp:3  | Killed a thorn hunter
 28679 | Swamp:4  | Entered Level 4 of the Swamp
 28841 | Swamp:4  | Noticed a thorn hunter
 28856 | Swamp:4  | Killed a thorn hunter
 28873 | Swamp:4  | Noticed a thorn hunter
 28882 | Swamp:4  | Killed a thorn hunter
 28972 | Swamp:4  | Reached XP level 18. HP: 79/146 MP: 25/25
 29198 | Swamp:4  | Got a decaying rune of Zot
 29288 | Swamp:4  | Reached skill level 16 in Shields
 30024 | Snake:1  | Entered Level 1 of the Snake Pit
 30038 | Snake:1  | Identified the +6 long sword "Loleton" {vamp, rPois rN++
                  | Dex+2 Stlth+}
 30038 | Snake:1  | Noticed Rigox's ghost (adept HuFi)
 30043 | Snake:1  | Found a transporter.
 30045 | Snake:1  | Found a transporter.
 30046 | Snake:1  | Found a bloodstained altar of Trog.
 30046 | Snake:1  | Identified the +4 halberd of the Radish {holy, Stlth+}
 30079 | Snake:1  | Noticed Aizul
 30093 | Snake:1  | Killed Aizul
 30162 | Snake:1  | Noticed Josephine
 30166 | Snake:1  | Noticed Nikola
 30176 | Snake:1  | Killed Josephine
 30190 | Snake:1  | Killed Nikola
 30190 | Snake:1  | Noticed Agnes
 30197 | Snake:1  | Killed Agnes
 30576 | Snake:1  | Found Cuakoptu's Gadget Boutique.
 30577 | Snake:1  | Found Baeprekko's Jewellery Emporium.
 30578 | Snake:1  | Found Tuin's Gadget Boutique.
 30584 | Snake:1  | Bought a lamp of fire for 640 gold pieces
 30584 | Snake:1  | Bought a phantom mirror for 480 gold pieces
 30671 | Snake:1  | Found a shimmering altar of Xom.
 30793 | Snake:1  | Killed Rigox's ghost
 31304 | Snake:2  | Reached skill level 15 in Fighting
 31487 | Snake:2  | Found Enluf's Gadget Boutique.
 31595 | Snake:2  | Found Nompahad's Gadget Emporium.
 31616 | Snake:2  | Noticed Donald
 32030 | Snake:1  | Killed Donald
 32754 | Snake:3  | Reached XP level 19. HP: 157/157 MP: 26/26
 32821 | Snake:3  | Noticed Mara
 32842 | Snake:3  | Killed Mara
 32908 | Snake:3  | Reached skill level 15 in Armour
 33885 | Snake:4  | Entered Level 4 of the Snake Pit
 33985 | Snake:4  | Reached skill level 17 in Shields
 34968 | Snake:4  | Reached skill level 10 in Evocations
 35093 | Snake:4  | Reached XP level 20. HP: 32/164 MP: 28/28
 35812 | Snake:4  | Got a serpentine rune of Zot
 36386 | Depths:1 | Entered Level 1 of the Depths
 36796 | Depths:1 | Found a one-way gate leading to the halls of Pandemonium.
 37290 | Depths:1 | Reached skill level 18 in Shields
 37797 | Depths:1 | Noticed an ancient lich
 37798 | Depths:1 | Found a gateway to a ziggurat.
 37799 | Depths:1 | Noticed an Ice Fiend
 37816 | Depths:1 | Killed an ancient lich
 37930 | Depths:1 | Found a gateway to Hell.
 38041 | Depths:2 | Noticed Asterion
 38047 | Depths:2 | Noticed a lich
 38049 | Depths:2 | Reached XP level 21. HP: 162/171 MP: 29/29
 38059 | Depths:1 | Killed Asterion
 38188 | Depths:2 | Cast into level 3 of the Abyss (a lich)
 38198 | Depths:2 | Escaped the Abyss
 38229 | Depths:2 | Killed a lich
 38267 | Depths:2 | Noticed Bai Suzhen
 38282 | Depths:2 | Killed Bai Suzhen
 38282 | Depths:2 | Noticed a golden dragon
 38297 | Depths:2 | Killed a golden dragon
 38839 | Elf:1    | Entered Level 1 of the Elven Halls
 39103 | Elf:1    | Reached skill level 15 in Long Blades
 39103 | Elf:1    | Reached XP level 22. HP: 181/181 MP: 30/30
 39319 | Elf:1    | Identified the Papyrus of Attacks
 40147 | Elf:2    | Found a magical portal.
 40159 | WizLab   | Entered Doroklohe's Tomb
 40358 | WizLab   | Reached skill level 15 in Crossbows
 40406 | WizLab   | Killed from afar by a hellion

Levels and vault maps discovered:
D:1:      sevenhm_arrival_forest_fort_small_3, layout_basic
D:2:      layout_rooms, minmay_misc_feat_ornament, hex_large
D:3:      layout_loops_ring, lemuel_coloured_pillars_altar
D:4:      kennysheep_big_flooded_room, layout_gridville, uniq_sigmund,
          uniq_natasha, uniq_pikel, uniq_edmund
D:5:      layout_basic, serial_shops, shop, first_ration, basic_altar,
          minmay_strange_pillars
D:6:      layout_cave_pods, grunt_temple_overflow_open
D:7:      layout_rooms, temple_statues, serial_shops, shop
D:8:      layout_loops_ring, david_lair_generic
D:9:      layout_loops_cross, biasface_ghost_orc_armoury,
          chequers_serial_rivers_small_b, grunt_pizzeria, uniq_maurice
D:10:     layout_layer_cave, erik_orc_4, hangedman_decor_clover_reticule,
          fedhas_altar_3
D:11:     layout_long_grid, serial_undead, serial_undead_d, serial_undead_b,
          serial_undead_c, serial_undead_c, serial_undead_f, serial_undead_d,
          serial_undead_f
D:12:     layout_roguey
D:13:     layout_basic, serial_shops, nicolae_shop_statue_plus,
          biasface_ghost_orc_armoury, uniq_azrael
D:14:     layout_rooms, ximxim_vaults_locker_room, grunt_dithmenos_shadows,
          minmay_tree_intersection, nicolae_ru_sacrificial_ziggurat
D:15:     grunt_enter_depths_magical_seal, layout_loops_ring, serial_shops,
          shop, grunt_decor_arrowhead, minmay_statue_crystal_thing, uniq_rupert
Temple:   dshaligram_water_room_temple
Lair:1:   layout_chaotic_city
Lair:2:   layout_loops_ring
Lair:3:   layout_gridlike, special_room [special_room_bee],
          serial_bayou_shore_a, infiniplex_staircase_pool
Lair:4:   layout_cave_pods, swamp_mist, minmay_snake_entry_guardpost_large,
          lemuel_fruit_fields
Lair:5:   wander_river, layout_small_grid
Lair:6:   minmay_lair_end_frog_pond, layout_cave_pods, slime_altar_1,
          lemuel_centaur_altar, uniq_kirke
Swamp:1:  layout_basic_swamp, evilmike_swamp_ruin_house_3, swamp_pool1
Swamp:2:  layout_falls_marsh, serial_swamp_ruin, evilmike_swamp_ruin_house_1,
          evilmike_swamp_ruin_house_6, evilmike_swamp_ruin_house_4, swamp_pool1
Swamp:3:  layout_basic_swamp, evilmike_swamp_ruin_rubble_1
Swamp:4:  swamp, layout_basic_swamp
Snake:1:  layout_onion_interference, basic_altar,
          gammafunk_ghost_wrathful_warriors, minmay_shop_grove, uniq_aizul,
          uniq_nikola, uniq_josephine, uniq_agnes
Snake:2:  layout_honeycomb, serial_shops, nicolae_shop_trees,
          nicolae_shop_crystal, hangedman_snake_corridor_split, uniq_donald
Snake:3:  layout_chambers, guppyfry_library_mini, uniq_mara
Snake:4:  snake_pit, layout_cave_town
Orc:1:    layout_caves, enter_volcano_4, basic_altar, uniq_jorgrun, uniq_harold,
          uniq_nergalle
Orc:2:    grunt_orc_cross, layout_diamond_mine
Elf:1:    elf_arrival_001, layout_geoelf_grid, minmay_elf_annihilation,
          roderic_lattice_octagonal_star
Elf:2:    layout_geoelf_diagonals, serial_shops, nicolae_shop_statue_plus,
          mu_enter_wizlab_5, st_stairs_13
Depths:1: layout_cave_pools, enter_ziggurat_d, grunt_hell_horde, serial_shops,
          bzr_entry_lakeside, rand_demon_pan_entry_3, grunt_decor_resistance,
          st_stairs_10, minmay_librarian
Depths:2: minmay_cut_squares, layout_cave_pools, serial_shops, shop_fountains,
          nicolae_shop_temple_entry_statues_fountains, nicolae_shop_stone,
          nicolae_abyss_entry_one_way_or_another, grunt_hell_entry_dis_grunt,
          hangedman_abyss_or_decor_slice, st_stairs_14,
          nicolae_ashenzari_panopticon, infiniplex_staircase_river,
          firewood_loft, uniq_bai_suzhen, uniq_asterion
WizLab:   wizlab_doroklohe

Skill      XL: |  1  2  3  4  5  6  7  8  9 10 11 12 13 14 15 16 17 18 19 20 21 22 |
---------------+-------------------------------------------------------------------+-----
Dodging        | 1 2 3 4 5 6 8 |  8.0
Shields        | 4 8 9 12 13 14 15 16 17 18 | 18.0
Long Blades    | 3 4 6 7 8 9 10 11 12 13 14 15 | 15.0
Fighting       | 4 5 6 8 10 11 12 13 14 16 17 | 17.1
Armour         | 4 5 6 8 9 10 11 12 13 14 15 16 | 16.0
Evocations     | 2 3 4 6 7 8 9 10 | 10.1
Invocations    | 5 7 8 9 10 11 | 11.0
Crossbows      | 6 11 12 13 14 15 | 15.3

Action                   |  1- 3 |  4- 6 |  7- 9 | 10-12 | 13-15 | 16-18 | 19-21 | 22-24 || total
-------------------------+-------+-------+-------+-------+-------+-------+-------+-------++-------
Melee: Long sword        |    80 |   151 |   305 |       |       |       |       |       ||   536
       Great sword       |       |       |    29 |   488 |   718 |   729 |   534 |   113 ||  2611
       Scimitar          |       |       |       |       |       |    65 |       |       ||    65
 Fire: Hand crossbow     |       |       |       |   108 |   371 |   374 |   366 |    56 ||  1275
       Arbalest          |       |       |       |       |    86 |       |       |       ||    86
Throw: Stone             |    13 |    88 |       |       |       |       |       |       ||   101
       Boomerang         |       |     2 |   149 |    70 |       |       |       |       ||   221
       Dart              |       |       |       |     3 |       |       |       |       ||     3
Invok: Bend Time         |       |       |       |     2 |     1 |     3 |     3 |       ||     9
       Slouch            |       |       |       |     1 |       |       |     1 |       ||     2
       Temporal Distorti |       |       |       |       |       |     5 |     1 |       ||     6
       Step From Time    |       |       |       |       |       |       |     1 |       ||     1
 Abil: Dig               |       |     1 |     1 |     8 |    17 |    11 |     8 |     1 ||    47
Evoke: Lamp of fire      |       |       |       |       |       |       |     1 |       ||     1
       Lightning rod     |       |       |       |       |       |       |     1 |       ||     1
  Use: Scroll            |     6 |     3 |     7 |     5 |    13 |     9 |     5 |     1 ||    49
       Potion            |       |     1 |       |     1 |       |     3 |     1 |     6 ||    12
  Eat: Chunk             |       |     6 |     7 |    12 |    21 |    15 |     5 |     1 ||    67
       Ration            |       |       |     2 |       |       |     2 |     2 |       ||     6
Armor: Scale mail        |    16 |       |       |       |       |       |       |       ||    16
       Gold dragon scale |     6 |   109 |    93 |   183 |   210 |   257 |   160 |    17 ||  1035
Dodge: Dodged            |     7 |    10 |   105 |   359 |   437 |   347 |   234 |    31 ||  1530
Block: Shield            |    39 |    92 |   192 |   457 |   699 |   126 |       |       ||  1605
       Large shield      |       |       |       |       |       |   891 |   739 |   123 ||  1753
       Rpst.: Long sword |     5 |     3 |    31 |       |       |       |       |       ||    39
       Great sword       |       |       |     3 |    86 |    98 |    49 |    27 |     7 ||   270
       Scimitar          |       |       |       |       |       |     5 |       |       ||     5

Table legend:
 A = Non-vault XP
 B = Vault XP
 C = Vault XP percentage of total XP
 D = Non-vault monster count
 E = Vault monster count
 F = Vault count percentage of total count
                 A         B        C        D         E       F
            +---------+---------+-------+---------+---------+-------
      Total |  279245 |  198325 |  41.5 |     910 |     379 |  29.4
            +---------+---------+-------+---------+---------+-------
        D:1 |      43 |       0 |   0.0 |      21 |       0 |   0.0
        D:2 |      94 |       0 |   0.0 |      16 |       0 |   0.0
        D:3 |      70 |       0 |   0.0 |      23 |       0 |   0.0
        D:4 |     228 |    1059 |  82.3 |      14 |       4 |  22.2
        D:5 |     357 |       0 |   0.0 |      11 |       0 |   0.0
        D:6 |     197 |       0 |   0.0 |      16 |       0 |   0.0
        D:7 |     770 |       0 |   0.0 |      25 |       0 |   0.0
        D:8 |    2565 |     770 |  23.1 |      33 |       4 |  10.8
        D:9 |    1424 |    1803 |  55.9 |      21 |      12 |  36.4
       D:10 |    7005 |     535 |   7.1 |      51 |      16 |  23.9
       D:11 |    4481 |    1218 |  21.4 |      34 |      14 |  29.2
       D:12 |    3345 |       0 |   0.0 |      17 |       0 |   0.0
       D:13 |    8150 |    4258 |  34.3 |      37 |      22 |  37.3
       D:14 |   12555 |    4758 |  27.5 |      43 |      12 |  21.8
       D:15 |    8618 |    7364 |  46.1 |      26 |      10 |  27.8
     Lair:1 |    3491 |       0 |   0.0 |      14 |       0 |   0.0
     Lair:2 |    2324 |       0 |   0.0 |       7 |       0 |   0.0
     Lair:3 |    3651 |    1704 |  31.8 |      15 |      24 |  61.5
     Lair:4 |   12022 |     797 |   6.2 |      30 |       5 |  14.3
     Lair:5 |   11739 |     257 |   2.1 |      42 |       2 |   4.5
     Lair:6 |    5639 |   14080 |  71.4 |      21 |      50 |  70.4
    Swamp:1 |    8543 |       0 |   0.0 |      26 |       0 |   0.0
    Swamp:2 |   17230 |       0 |   0.0 |      47 |       0 |   0.0
    Swamp:3 |   15405 |       0 |   0.0 |      36 |       0 |   0.0
    Swamp:4 |    8454 |   19684 |  70.0 |      24 |      26 |  52.0
    Snake:1 |   13838 |   19484 |  58.5 |      26 |      18 |  40.9
    Snake:2 |   12694 |    4853 |  27.7 |      25 |      14 |  35.9
    Snake:3 |   18862 |   12185 |  39.2 |      29 |      10 |  25.6
    Snake:4 |   27067 |   33642 |  55.4 |      53 |      45 |  45.9
      Orc:1 |    3696 |    4793 |  56.5 |      31 |       3 |   8.8
      Orc:2 |     837 |    7859 |  90.4 |       9 |      37 |  80.4
      Elf:1 |   20552 |    6388 |  23.7 |      31 |      10 |  24.4
      Elf:2 |     553 |       0 |   0.0 |       1 |       0 |   0.0
   Depths:1 |   38550 |   21501 |  35.8 |      52 |      22 |  29.7
   Depths:2 |    4196 |   17193 |  80.4 |       3 |       6 |  66.7
     WizLab |       0 |   12140 | 100.0 |       0 |      13 | 100.0
            +---------+---------+-------+---------+---------+-------
